AoeStats
← WARChris

Nomad

509202589Analyzed
2v2 RM · 5d ago on Sep 25, 2026· 27m 13s· 4 players
Game mode
Random Map
Map size
176×176
Population
200
Speed
Normal
Resources
Standard
Victory
Conquest
Starting age
Dark Age
Ending age
Imperial Age
RankedLock teamsTeams togetherTeam positionsShared explorationLock speedFull tech treeHidden civsTurbo modeCheats
Victory
Defeat
🇩🇪 Georgians · Germany
1788
+7
🇩🇪 Persians · Germany
1782
+6
🇫🇷 Varangians · France
1566
-7
🇨🇭 Saxons · Switzerland
1544
-6
pascal sauvage
4:49 Loom
12:08 Feudal Age
13:25 Double-Bit Axe
16:50 Fletching
TocToc.Marc-A
4:12 Loom
16:38 Feudal Age
20:23 Castle Age
Lukas_AoE
5:09 Loom
12:37 Feudal Age
13:45 Town Watch
14:10 Double-Bit Axe
19:22 Castle Age
17:10 Fishing Lines
18:47 Scale Barding Armor
20:31 Medium Warships
21:49 Gillnets
22:47 Wheelbarrow
23:11 Fletching
24:12 Bow Saw
25:37 Ballistics
25:41 Guard Tower
27:26 Bodkin Arrow
WARChris
6:36 Loom
22:42 Feudal Age
26:50 Castle Age
Connection lost

Rejoining the realm…

Still unreachable

The connection could not be restored.

Session expired

The server has moved on; the page needs a fresh start.